 Dungeon Crawl Stone Soup version 0.31-a0-360-gb3e1d13bf4 (webtiles) character file.

Game seed: 9570258560835609262

119 pokeman the Magician (level 4, -4/25 HPs)
             Began as a Deep Elf Hedge Wizard on July 26, 2023.
             Killed by divine providence
             ... invoked by an orc priest
              (12 damage)
             ... on level 3 of the Dungeon.
             The game lasted 00:03:57 (2831 turns).

pokeman the Magician (Deep Elf Hedge Wizard)        Turns: 2831, Time: 00:03:57

Health: -4/25      AC:  2    Str:  7    XL:     4   Next: 74%
Magic:  2/13       EV: 13    Int: 21    God:
Gold:   132        SH:  0    Dex: 14    Spells: 6/14 levels left

rFire   . . .        a - +0 dagger
rCold   . . .        (no shield)
rNeg    . . .        b - +0 robe
rPois   .            c - +0 hat
rElec   .            (no cloak)
rCorr   .            (no gloves)
SInv    .            (no boots)
Will    .....        (no amulet)
Stlth   ++           (no ring)
HPRegen 0.24/turn    (no ring)
MPRegen 0.13/turn

%: no passive effects
@: very slightly contaminated
A: no striking features
a: no special abilities


You were on level 3 of the Dungeon.
You visited 1 branch of the dungeon, and saw 3 of its levels.

You collected 132 gold pieces.

Inventory:

Hand Weapons
 a - a +0 dagger (weapon)
Missiles
 f - a throwing net
Armour
 b - a +0 robe (worn)
 c - a +0 hat (worn)
Scrolls
 e - a scroll of revelation {unknown}
 g - 2 scrolls of immolation {unknown}
 h - a scroll of identify {unknown}
 k - a scroll of enchant weapon {unknown}
 n - a scroll of amnesia {unknown}
Potions
 d - a potion of magic
 i - 2 potions of invisibility {unknown}
 j - 2 potions of mutation {unknown}
 l - a potion of might {unknown}
 m - a potion of curing {unknown}
 o - a potion of lignification {unknown}


   Skills:
 - Level 1.0 Fighting
 - Level 1.0 Armour
 + Level 2.9 Dodging
 + Level 2.9 Stealth
 * Level 5.9 Spellcasting
 + Level 2.3 Conjurations
 - Level 1.1 Summonings
 - Level 1.1 Translocations


You had 6 spell levels left.
You knew the following spells:

 Your Spells              Type           Power      Damage    Failure   Level
a - Magic Dart            Conj           64%        1d6       3%          1
b - Mephitic Cloud        Conj/Pois/Air  9%         N/A       22%         3
c - Call Imp              Summ           20%        N/A       10%         2
d - Blink                 Tloc           20%        N/A       10%         2

Your spell library contained the following spells:

 Spells                   Type           Power      Damage    Failure   Level
 Slow                     Hex            24%        N/A       10%         1
 Cigotuvi's Dreadful Rot  Necr/Pois/Air  12%        N/A       16%         2


Dungeon Overview and Level Annotations

Branches:
Dungeon (3/15)

Altars:
Xom


Message History

Casting: Magic Dart (safe; 3% risk of failure)
Confirm with . or Enter, or press ? or * to list all spells.
Aiming: Magic Dart (safe; 3% risk of failure)
Press: ? - help, Shift-Dir - straight line, f/p - orc
Aim: an orc, wielding a +0 flail and wearing a +0 leather armour (severely wounded, 100% to hit)
The magic dart hits the orc.
You kill the orc!
An orc priest comes into view. It is wielding a +0 short sword.
Casting: Magic Dart (safe; 3% risk of failure)
Confirm with . or Enter, or press ? or * to list all spells.
The spell is extremely dangerous to miscast (22% risk of failure)!
Continue anyway?
Aiming: Mephitic Cloud (extremely dangerous; 22% risk of failure)
Press: ? - help, Shift-Dir - straight line, f - orc priest
Aim: an orc priest, wielding a +0 short sword and wearing a +0 leather armour (wandering, hasn't noticed you, chance to affect: 86%)
You miscast Mephitic Cloud.
Nothing appears to happen.
Unknown command.
Casting: Mephitic Cloud (extremely dangerous; 22% risk of failure)
Confirm with . or Enter, or press ? or * to list all spells.
The spell is extremely dangerous to miscast (22% risk of failure)!
Continue anyway?
Aiming: Mephitic Cloud (extremely dangerous; 22% risk of failure)
Press: ? - help, Shift-Dir - straight line, f/p - orc priest
Aim: an orc priest, wielding a +0 short sword and wearing a +0 leather armour (chance to affect: 86%) That beam is likely to hit you.
Continue anyway?
You miscast Mephitic Cloud.
Nothing appears to happen.
The orc priest hits you with a +0 short sword.
Unknown command.
The orc priest attacks as you move away!
The orc priest hits you with a +0 short sword.
Things that are here:
a +0 dagger; a +0 robe; an orc corpse You aren't carrying any items that you can evoke.
The orc priest invokes the aid of Beogh against you.
Pain shoots through your body!
Ouch! That really hurt!
* * * LOW HITPOINT WARNING * * *
Things that are here:
a +0 flail; an orc skeleton The orc priest invokes the aid of Beogh against you.
Beogh smites you!
You die...

##)...........
#.......## #####
#..###.## ....###
...# #.# #.(.###.
.#####.#
#####.รท).). ##
#..# #
###.).)).##)o
###.###...#
#...####.#
###.......#
#######.### #.#
.#..#.#####
#.@..o..# #..
......#
######.#######
##.#
.##.######......#
.#
.##........######
.. ....########
.. ...## ..## .##
.#


You could see an orc priest.

Vanquished Creatures
  Jessica (D:2)
  An orc wizard (D:3)
  2 adders
  5 orcs (D:3)
  4 bats
  3 endoplasms
  A goblin (D:3)
  3 hobgoblins
  11 jackals
  4 ball pythons
  A frilled lizard (D:2)
  3 kobolds
  2 rats
41 creatures vanquished.

Notes
Turn   | Place    | Note
-------+----------+-------------------------------------------
     0 | D:1      | pokeman the Deep Elf Hedge Wizard began the quest for the
                  | Orb.
     0 | D:1      | Reached XP level 1. HP: 10/10 MP: 7/7
   583 | D:1      | Reached XP level 2. HP: 14/15 MP: 1/9
  1419 | D:2      | Noticed Jessica
  1430 | D:2      | Killed Jessica
  1431 | D:2      | Reached skill level 5 in Spellcasting
  1431 | D:2      | Reached XP level 3. HP: 20/20 MP: 4/11
  1435 | D:2      | Learned a level 3 spell: Mephitic Cloud
  1438 | D:2      | Learned a level 2 spell: Call Imp
  1441 | D:2      | Learned a level 2 spell: Blink
  1710 | D:2      | Reached skill level 1 in Fighting
  1710 | D:2      | Reached skill level 1 in Armour
  2193 | D:3      | Reached XP level 4. HP: 25/25 MP: 4/13
  2288 | D:3      | Found a shimmering altar of Xom.
  2831 | D:3      | Killed from afar by an orc priest

Illustrated notes

Levels and vault maps discovered:
D:1:      minmay_arrival_widening_spiral_wide, layout_basic,
          chequers_serial_rivers_micro_c
D:2:      minmay_door_path, layout_basic, uniq_jessica
D:3:      layout_rooms, overflow_temple_1_default, mainiacjoe_overflow_catwalk

Skill      XL: |  1  2  3 |
---------------+----------+-----
Spellcasting   | 5 |  5.9
Fighting       | 1 |  1.0
Armour         | 1 |  1.0
Conjurations   | 2 |  2.3
Dodging        | |  2.9
Stealth        | |  2.9
Summonings     | |  1.1
Translocations | |  1.1

Action                     |  1- 3 |  4- 6 || total
---------------------------+-------+-------++-------
  Melee: Dagger            |    12 |    32 ||    44
   Cast: Magic Dart        |    72 |    51 ||   123
         Mephitic Cloud    |       |     2 ||     2
   Stab: Sleeping          |     1 |       ||     1
 Armour: Robe              |     5 |     4 ||     9
  Dodge: Dodged            |    30 |    35 ||    65

Table legend: (Time is in decaauts)
 A = Elapsed time spent in this place.
 B = Non-inter-level travel time spent in this place.
 C = Inter-level travel time spent in this place.
 D = Time resting spent in this place.
 E = Time spent auto-exploring this place.
 F = Levels seen in this place.
 G = Mean time per level.
                   A        B        C        D        E       F      G
               +--------+--------+--------+--------+--------+-----+--------+
         Total |   2830 |   2815 |     15 |     83 |   2412 |   3 |  943.3 |
       Dungeon |   2830 |   2815 |     15 |     83 |   2412 |   3 |  943.3 |
               +--------+--------+--------+--------+--------+-----+--------+

Top non-repeatable levels by time:
     D:1: 1242 daAuts
     D:2: 925 daAuts
     D:3: 662 daAuts
